 Dungeon Crawl Stone Soup version 0.30.1-11-g7821555f0a (webtiles) character file.

Game seed: 2315553130976866171

100 anacleto the Shooter (level 4, 23/23 HPs)
             Began as a Spriggan Hunter on Dec 9, 2023.
             Quit the game on level 3 of the Dungeon.
             The game lasted 00:05:34 (1696 turns).

anacleto the Shooter (Spriggan Hunter)              Turns: 1696, Time: 00:05:34

Health: 23/23      AC:  2    Str:  7    XL:     4   Next: 47%
Magic:  5/5        EV: 19    Int: 10    God:
Gold:   122        SH:  0    Dex: 20    Spells: 3/3 levels left

rFire   . . .        a - +0 shortbow
rCold   . . .        (shield currently unavailable)
rNeg    . . .        c - +0 robe
rPois   .            (helmet restricted)
rElec   .            (no cloak)
rCorr   .            (gloves unavailable)
SInv    +            (boots unavailable)
Will    .....        (no amulet)
Stlth   +++          (no ring)
HPRegen 0.23/turn    (no ring)
MPRegen 0.09/turn

%: no passive effects
@: very quick
A: very small, no large weapons, unfitting armour, see invisible, speed 3
a: no special abilities


You were on level 3 of the Dungeon.
You visited 1 branch of the dungeon, and saw 3 of its levels.

You collected 122 gold pieces.

Inventory:

Hand Weapons
 a - a +0 shortbow (weapon)
Missiles
 g - 3 poisoned darts
 h - 2 boomerangs
 i - 32 stones
Armour
 c - a +0 robe (worn)
Scrolls
 b - 2 scrolls of immolation
 e - a scroll of enchant armour {unknown}
 f - a scroll of silence {unknown}
 k - a scroll of summoning {unknown}
 o - 2 scrolls of brand weapon {unknown}
 p - a scroll of identify {unknown}
Potions
 d - 2 potions of brilliance {unknown}
 j - 2 potions of might {unknown}
 l - a potion of lignification {unknown}
 m - a potion of heal wounds {unknown}
 n - a potion of curing {unknown}


   Skills:
 + Level 2.2 Fighting
 * Level 4.8 Ranged Weapons
 + Level 3.7 Dodging
 + Level 3.2 Stealth


You had 3 spell levels left.
You didn't know any spells.
Your spell library was empty.

Dungeon Overview and Level Annotations

Branches:
Dungeon (3/15)

Altars:
The Shining One

Shops:
D:2 *


Innate Abilities, Weirdness & Mutations

You are very small and have problems with some larger weapons.
You are too small for most types of armour.
You have supernaturally acute eyesight. (SInv)
You cover ground extremely quickly. (Speed+++)


Message History

Press: ? - help, Q - select action, (/) - cycle Shift-Dir - straight line, f - hobgoblin
Aim: a hobgoblin (heavily wounded, 65% to hit)
You shoot an arrow. The arrow hits the hobgoblin!
You kill the hobgoblin!
Fire: a) +0 shortbow
Press: ? - help, Q - select action, (/) - cycle Shift-Dir - straight line, f - you Really target yourself?
Okay, then.
Found a stone staircase leading down.
Found a ring mail.
A frilled lizard comes into view.
A frilled lizard is nearby!
Fire: a) +0 shortbow
Press: ? - help, Q - select action, (/) - cycle Shift-Dir - straight line, f - frilled lizard
Aim: a frilled lizard (asleep, 98% to hit)
You shoot an arrow. The arrow hits the frilled lizard.
You kill the frilled lizard!
Fire: a) +0 shortbow
Press: ? - help, Q - select action, (/) - cycle Shift-Dir - straight line, f - you Really target yourself?
Okay, then.
Found a dagger.
Fire: a) +0 shortbow
Press: ? - help, Q - select action, (/) - cycle Shift-Dir - straight line, f - you Really target yourself?
Okay, then.
You see here a +0 dagger.
You see here a +0 hand axe.
Found an escape hatch in the floor.
Fire: a) +0 shortbow
Press: ? - help, Q - select action, (/) - cycle Shift-Dir - straight line, f - you Really target yourself? [Y]es or [N]o only, please.
Really target yourself? [Y]es or [N]o only, please.
Really target yourself? [Y]es or [N]o only, please.
Really target yourself?
Okay, then.
Are you sure you want to abandon this character and quit the game? (Confirm with "yes".)

### ## #.######## >. ###
#......... #. #<#
#.######## #. #.#
#.#......#
#.#.####†###.#.####.#
#.#.#.............#.#
#.#.#.##.###.#.##.#.#
#...@..)...#.#.##.#.#
#....<...#.#.#.##.#.#
#####....)####.#.#.##.#.#
........)......#.#....#.#
.........#######.######..
......#.#................
......#.#.######.########
...............#........#
................>######.#


There were no monsters in sight!

Vanquished Creatures
  2 adders (D:2)
  A gnoll (D:1)
  3 orcs (D:3)
  An endoplasm (D:3)
  4 giant cockroaches
  5 goblins
  8 hobgoblins
  2 jackals (D:2)
  5 kobolds
  4 quokkas
  10 ball pythons
  7 bats
  4 frilled lizards
  6 rats
62 creatures vanquished.

Notes
Turn   | Place    | Note
-------+----------+-------------------------------------------
     0 | D:1      | anacleto the Spriggan Hunter began the quest for the Orb.
     0 | D:1      | Reached XP level 1. HP: 10/10 MP: 2/2
   136 | D:1      | Reached XP level 2. HP: 15/15 MP: 3/3
   276 | D:1      | Reached XP level 3. HP: 18/18 MP: 4/4
   372 | D:1      | Found a faded altar of an unknown god.
   834 | D:2      | Found a glowing golden altar of the Shining One.
  1105 | D:2      | Reached XP level 4. HP: 23/23 MP: 5/5
  1123 | D:2      | Found Dohoploh's Assorted Antiques.
  1696 | D:3      | Quit the game

Illustrated notes

Levels and vault maps discovered:
D:1:      dpeg_arrival_short_road, layout_loops_ring,
          chequers_ecumenical_altar_simple_redux, supply_closet_lemuel
D:2:      layout_loops_ring, serial_shops, nicolae_diamond_shop, basic_altar
D:3:      layout_basic, st_stairs_9

Skill      XL: |  1  2  3  4 |
---------------+-------------+-----
Stealth        | 2 3 |  3.2
Dodging        | 3 |  3.7
Fighting       | 2 |  2.2
Ranged Weapons | |  4.8

Action                     |  1- 3 |  4- 6 || total
---------------------------+-------+-------++-------
   Fire: Shortbow          |    96 |    49 ||   145
 Armour: Robe              |     9 |     1 ||    10
  Dodge: Dodged            |    21 |    20 ||    41
